 Dungeon Crawl Stone Soup version 0.14-a0-426-gb52781e (webtiles) character file.

3089 4tharraofdagon the Cleaver (level 9, -3/66 HPs)
             Began as a Djinni Berserker on Oct 28, 2013.
             Was a Believer of Trog.
             Slain by an ogre
             ... wielding a +0,+0 great mace
              (29 damage)
             ... on Level 9 of the Dungeon.
             The game lasted 00:13:13 (2366 turns).

4tharraofdagon the Cleaver (Djinni Berserker)       Turns: 2366, Time: 00:13:13

HP  -3/66 (55)   AC  7     Str 21      XL: 9   Next: 47%
MP   0/0         EV 14     Int  6      God: Trog [**....]
Gold 218         SH  0     Dex 19      Spells:  0 memorised,  8 levels left

Res.Fire  : + + +   See Invis. : .   l - +1,+0 war axe
Res.Cold  : x . .   Warding    : .   c - +0 chain mail
Life Prot.: + + +   Conserve   : .   (no shield)
Res.Poison: .       Res.Corr.  : .   (no helmet)
Res.Elec. : .       Clarity    : +   j - +0 cloak
Sust.Abil.: . .     Spirit.Shd : .   (no gloves)
Res.Mut.  : .       Stasis     : .   (boots unavailable)
Res.Rott. : .       Flight     : .   (no amulet)
Saprovore : . . .                    (no ring)
                                     o - +2 ring of evasion

@: exhausted, agile, very slightly contaminated, slowed, very slow, slightly
resistant to hostile enchantments, extremely unstealthy
A: fire immunity, cold vulnerability, clarity, deformed body, -10% hp, life
protection 3, Int -2, Dex +2
a: Burn Spellbooks, Berserk, Trog's Hand, Renounce Religion


You were on level 9 of the Dungeon.
You worshipped Trog.
Trog was pleased with you.
You were not hungry.

You visited 1 branch of the dungeon, and saw 11 of its levels.

You collected 198 gold pieces.

Inventory:

Hand weapons
 l - a +1,+0 war axe (weapon)
 p - a +0,+0 hand axe (quivered)
Missiles
 e - 8 needles of slowing
Armour
 b - a +0 animal skin
 c - a +0 chain mail (worn)
 j - a +0 cloak (worn)
Scrolls
 g - a scroll of identify
 i - 2 scrolls of remove curse
Jewellery
 o - a +2 ring of evasion (left hand)
Potions
 a - a potion of poison
 h - a potion of agility
 k - a potion of heal wounds
 m - 2 potions of curing
Books
 d - a Necronomicon {highlevel}

   This book is beyond your current level of understanding.

   Spells                             Type                      Level
   Borgnjor's Revivification          Necromancy                   7
   Haunt                              Necromancy/Summoning         7
   Death's Door                       Charms/Necromancy            8
   Necromutation                      Transmutation/Necromancy     8
   Trog disapproves of the use of such an item.
 f - the Almanac of Nature
   (You found it on level 10 of the Dungeon)

   Spells                             Type                      Level
   Sting                              Conjuration/Poison           1
   Beastly Appendage                  Transmutation                1
   Cure Poison                        Poison                       2
   Sticks to Snakes                   Transmutation                2
   Spider Form                        Transmutation/Poison         3
   Trog disapproves of the use of such an item.
 n - a book of Burglary

   Spells                             Type                      Level
   Apportation                        Translocation                1
   Swiftness                          Charms/Air                   2
   Passwall                           Transmutation/Earth          3
   Passage of Golubria                Translocation                4
   Lee's Rapid Deconstruction         Earth                        5
   Darkness                           Hexes                        7
   Trog disapproves of the use of such an item.
Miscellaneous
 q - a phial of floods (inert)


   Skills:
 + Level 6.3 Fighting
 * Level 8.7 Axes
 + Level 7.2 Armour
 - Level 1.7 Dodging
 + Level 4.1 Evocations


You had 8 spell levels left.
You didn't know any spells.

Dungeon Overview and Level Annotations

Branches:
Dungeon (11/27)              Lair (0/8) D:11
 Temple: D:4-7          Orc: D:6-11

Altars:
Kikubaaqudgha
Nemelex Xobeh

Shops:
D:5 (   D:10 *

Annotations:
D:10 exclusion: 2 oklob saplings


Innate Abilities, Weirdness & Mutations

You are immune to all types of fire, even holy and hellish.
You are vulnerable to cold.
You need no food.
You have no legs.
You are immune to negative energy.
You have a somewhat thin skeletal structure (Dex +2, Stlth).
You possess an exceptional clarity of mind.
Armour fits poorly on your strangely shaped body.
You are dopey. (Int -2)
You are frail (-10% HP).


Message History

Things that are here:
an orcish dagger; an orcish leather armour
Items here: )))) [[ Evoke which item? (* to show all) (? for menu, Esc to quit)
That is presently inert.
Unknown command.
Read which item? (? for menu, Esc to quit)
Okay, then.
Drink which item? (? for menu, Esc to quit)
You feel more agile all of a sudden. The ogre hits you with a great mace!
The ogre barely misses you.
Your skin stops crawling.
You feel less resistant to hostile enchantments.
The ogre hits you but does no damage.
You see here an orcish chain mail.
You open the door. The ogre closely misses you.
Unknown command.
There is an open door here.
The ogre hits you with a great mace!
You die...

#....# ...## . #.#### #..# #####.
..# ########'## #..... '####
#.........### #..... ....#
#.........'.####..... ..[.#
#..)......#..........
....#########.........######(....
....#.....>((.........# #.....
....'.#######...@.....# #.....
....### #####O##### ####.# #'###
#o# #.# #.# #####.# #.. #.#
#)o)..# ########## #.####
####)######## #......... .....#
#<..........# #......... .....#
.+.....O.....# #.........
.....##..#...........# #.........


You could see an ogre and an orc.

Vanquished Creatures
  Grinder (D:4)
  A hydra skeleton (D:10)
  A wraith (D:10)
  A hippogriff (D:10)
  Grum (D:10)
  2 wolves (D:10)
  Menkaure (D:5)
  A wandering mushroom (D:10)
  An orc warrior (D:9)
  A necrophage (D:11)
  An ice beast (D:9)
  2 centaurs
  A water moccasin (D:10)
  A hippogriff zombie (D:7)
  8 wights (D:9)
  A goliath beetle (D:9)
  3 crimson imps
  2 hounds
  An orc priest (D:9)
  A spider (D:10)
  Crazy Yiuf (D:5)
  An iguana (D:10)
  2 orc wizards
  A worker ant (D:9)
  A killer bee zombie (D:9)
  Ijyb (D:6)
  5 adders
  A giant centipede (D:10)
  A giant eyeball (D:4)
  3 giant geckos
  An ooze (D:4)
  14 orcs
  4 bats
  2 bat skeletons (D:4)
  A giant cockroach (D:6)
  2 hobgoblins
  14 jackals
  A kobold (D:4)
  5 ball pythons (D:10)
  2 giant newts
  2 goblins
  3 rats
  6 ballistomycetes
  A fungus (D:5)
107 creatures vanquished.

Vanquished Creatures (collateral kills)
  A wolf (D:10)
1 creature vanquished.

Vanquished Creatures (others)
  A hobgoblin (D:7)
  2 giant spores
  3 butterflies (D:10)
  A plant (D:10)
7 creatures vanquished.

Grand Total: 115 creatures vanquished

Notes
Turn   | Place    | Note
--------------------------------------------------------------
     0 | D:1      | 4tharraofdagon, the Djinni Berserker, began the quest for the Orb.
     0 | D:1      | Reached XP level 1. HP: 16/16 MP: 0/0
    76 | D:2      | Reached XP level 2. EP: 22/22
    76 | D:2      | Reached skill level 3 in Axes
   247 | D:4      | Reached XP level 3. EP: 17/29
   250 | D:4      | Noticed Grinder
   252 | D:4      | Paralysed by Grinder for 7 turns
   286 | D:4      | Acquired Trog's second power
   289 | D:4      | Reached XP level 4. EP: 35/35
   336 | D:4      | Paralysed by Grinder for 2 turns
   347 | D:4      | Killed Grinder
   347 | D:4      | Reached skill level 4 in Axes
   347 | D:4      | Reached XP level 5. EP: 41/41
   347 | D:4      | Reached XP level 6. EP: 48/48
   383 | D:4      | Gained mutation: You have a somewhat thin skeletal structure (Dex +2, Stlth). [potion of mutation]
   383 | D:4      | Gained mutation: You are frail (-10% HP). [potion of mutation]
   383 | D:4      | Gained mutation: You are dopey. (Int -2) [potion of mutation]
   384 | D:4      | Gained mutation: Armour fits poorly on your strangely shaped body. [potion of mutation]
   384 | D:4      | Gained mutation: You possess an exceptional clarity of mind. [potion of mutation]
   458 | D:5      | Entered Level 5 of the Dungeon
   474 | D:5      | Found a sparkling altar of Nemelex Xobeh.
   481 | D:5      | Paralysed by a potion of paralysis for 4 turns
   536 | D:5      | Noticed Crazy Yiuf
   544 | D:5      | Killed Crazy Yiuf
   544 | D:5      | Reached skill level 5 in Axes
   600 | D:5      | Noticed Menkaure
   611 | D:5      | Killed Menkaure
   611 | D:5      | Reached XP level 7. EP: 33/47
   666 | D:5      | Found an ancient bone altar of Kikubaaqudgha.
   670 | D:5      | Found Diadyluz's Antique Weapon Shoppe.
   792 | D:6      | Noticed Ijyb
   804 | D:6      | Killed Ijyb
  1083 | D:9      | Reached skill level 6 in Axes
  1086 | D:9      | Reached skill level 5 in Armour
  1143 | D:9      | Reached skill level 5 in Fighting
  1144 | D:9      | Reached XP level 8. EP: 11/54
  1338 | D:10     | Entered Level 10 of the Dungeon
  1366 | D:10     | Reached skill level 7 in Axes
  1416 | D:10     | Found Ecvawibu's General Store.
  1420 | D:10     | Noticed a wandering mushroom
  1441 | D:10     | Noticed Grum
  1448 | D:10     | Reached skill level 1 in Evocations
  1452 | D:10     | Killed Grum
  1673 | D:10     | Identified the Almanac of Nature (You found it on level 10 of the Dungeon)
  1691 | D:10     | Killed a wandering mushroom
  1871 | D:11     | Reached XP level 9. EP: 63/63
  1919 | D:11     | Found a staircase to the Lair.
  1986 | D:10     | Reached skill level 8 in Axes
  2302 | D:9      | HP: 1/65 [orc priest/divine providence (16)]
  2366 | D:9      | Slain by an ogre

Action                   |  1- 3 |  4- 6 |  7- 9 || total
-------------------------+-------+-------+-------++-------
Melee: Hand axe          |    73 |    70 |    62 ||   205
       War axe           |       |       |   169 ||   169
Invok: Berserk           |     3 |     3 |    12 ||    18
       Trog's Hand       |       |     1 |    15 ||    16
Evoke: Miscellaneous     |       |       |     1 ||     1
  Use: Potion            |     1 |     4 |     3 ||     8
       Scroll            |       |       |    12 ||    12
 Stab: Distracted        |       |       |     1 ||     1
